 Dungeon Crawl Stone Soup version 0.22.1-6-g1668fe2 (webtiles) character file.

4050 Kairos the Cleaver (level 10, -3/53 HPs)
             Began as a Vine Stalker Fighter on Jan 26, 2019.
             Was a Priest of Okawaru.
             Killed from afar by Erica (17 damage)
             ... with an orb of energy
             ... on level 8 of the Dungeon.
             The game lasted 00:09:56 (7273 turns).

Kairos the Cleaver (Vine Stalker Fighter)           Turns: 7273, Time: 00:09:57

Health: -3/53      AC: 13    Str: 23    XL:     10   Next: 24%
Magic:  0/11       EV: 11    Int:  8    God:    Okawaru [***...]
Gold:   433        SH: 13    Dex: 13    Spells: 9/9 levels left

rFire    + . .     SeeInvis .   g - +2 hand axe (flame)
rCold    . . .     Gourm    .   c - +0 shield
rNeg     . . .     Faith    .   o - +0 chain mail
rPois    .         Spirit   +   (no helmet)
rElec    .         Reflect  .   (no cloak)
rCorr    .         Harm     .   (no gloves)
MR       +....                  k - +0 pair of boots
Stlth    ..........             p - amulet of magic regeneration
HPRegen  0.57/turn              l - +4 ring of slaying
MPRegen  0.37/turn              w - ring of protection from fire

@: heroism
A: fangs 3, regeneration 1, magic shield, antimagic bite, no potion heal 3, rot
immunity
a: Heroism, Renounce Religion


You were on level 8 of the Dungeon.
You worshipped Okawaru.
Okawaru was most pleased with you.
You were near starving.

You visited 2 branches of the dungeon, and saw 9 of its levels.

You collected 462 gold pieces.
You spent 29 gold pieces at shops.

Inventory:

Hand Weapons
 a - a +0 war axe
 g - a +2 hand axe of flaming (weapon)
 E - a +0 dire flail of protection
 F - a cursed -1 hand axe
Armour
 c - a +0 shield (worn)
 k - a +0 pair of boots (worn)
 o - a +0 chain mail (worn)
Jewellery
 l - a +4 ring of slaying (left hand)
 p - an amulet of magic regeneration (around neck)
 w - a ring of protection from fire (right hand)
Wands
 r - a wand of iceblast (12)
 v - a wand of polymorph (6)
 H - a wand of disintegration (6)
Scrolls
 i - 3 scrolls of immolation
 n - 3 scrolls of remove curse
 q - 2 scrolls of fear
 s - 4 scrolls of magic mapping
 t - 2 scrolls of fog {unknown}
 u - a scroll of amnesia {unknown}
 y - a scroll of blinking {unknown}
 C - a scroll of summoning {unknown}
 G - 2 scrolls of teleportation {unknown}
Potions
 b - a potion of magic {unknown}
 d - a potion of might
 e - 7 potions of curing {unknown}
 h - 3 potions of agility {unknown}
 j - 2 potions of degeneration {unknown}
 m - 5 potions of haste {unknown}
 x - a potion of ambrosia {unknown}
 z - a potion of cancellation {unknown}
 A - a potion of flight {unknown}
 B - a potion of mutation {unknown}
 D - a potion of heal wounds {unknown}
Comestibles
 f - 14 rations
 I - a chunk of flesh


   Skills:
 + Level 5.6(10.6) Fighting
 + Level 9.1(14.1) Axes
 + Level 5.6(10.6) Armour
 + Level 1.8(6.8) Dodging
 + Level 1.9(6.9) Stealth
 + Level 6.3(11.3) Shields
 + Level 0.3(5.3) Unarmed Combat


You had 9 spell levels left.
You didn't know any spells.
Your spell library was empty.

Dungeon Overview and Level Annotations

Branches:
Dungeon (8/15)             Temple (1/1) D:5            Lair (0/6) D:8

Altars:
Ashenzari
Cheibriados
Dithmenos
Elyvilon
Fedhas
Gozag
Hepliaklqana
Makhleb
Nemelex Xobeh
Okawaru
Qazlal
Ru
Sif Muna
Uskayaw
Vehumet
Wu Jian
Xom
Yredelemnul
Zin
The Shining One

Shops:
D:7 *

Annotations:
D:7 2 runed doors, bgiannan's ghost, novice DEFE
D:8 Erica


Innate Abilities, Weirdness & Mutations

You have razor-sharp teeth.
Your natural rate of healing is unusually fast.
When hurt, damage is shared between your health and your magic reserves.
Your bite disrupts and absorbs the magic of your enemies.
Potions cannot restore your health.
You are immune to rotting.


Message History

The bolt of poison misses you.
You hit the hungry ghost. You burn the hungry ghost.
The hungry ghost is heavily damaged.
You miss something. The hungry ghost completely misses you.
You hit the hungry ghost. You burn the hungry ghost.
The hungry ghost is severely damaged.
You closely miss something. Something hits you but does no damage.
You slash the hungry ghost! You burn the hungry ghost.
Your bite misses the hungry ghost.
The hungry ghost is almost destroyed.
You hit something. You burn something. The hungry ghost hits you.
You are near starving!
You closely miss the hungry ghost. You bite the hungry ghost.
You destroy the hungry ghost!
Okawaru accepts your kill.
You hit something. You burn something.
You hear some strange, mumbled words.
An orb of energy appears from out of thin air!
The orb of energy hits you!
You die...

.. .. ....... .#
#..#..# # .#
##..#....# ###.#
#......#.## ....###
.# #.........# ##
##<...#...##>.....#..
..
....#............#)#
##.# ##....#...
#..@)###.. #
#.#####.# #####.#.# #
#.......# ##(# #
#)†###### #.# # #>.#
#.# # #..# #.# # #..#
#.# # #..# #.# ######
##..# #.# #.....


There were no monsters in sight!

Vanquished Creatures
  The ghost of poxu the Skirmisher, a novice TrFi of Wu Jian (D:6)
  A komodo dragon (D:8)
  Prince Ribbit (D:7)
  2 hungry ghosts (D:8)
  2 sky beasts
  An ice beast (D:7)
  A black bear (D:8)
  5 ogres
  3 centaurs
  4 big kobolds
  7 bullfrogs
  2 scorpions
  A crimson imp (D:7)
  A hound (D:6)
  4 orc priests
  2 jellies (D:7)
  2 bullfrog skeletons (D:8)
  2 orc wizards (D:7)
  A centaur skeleton (D:7)
  Ijyb (D:3)
  6 worker ants
  21 gnolls
  11 adders
  A shadow imp (D:7)
  2 oozes (D:2)
  An adder zombie (D:7)
  4 worms
  2 adder skeletons
  A dart slug (D:5)
  4 leopard geckos
  29 orcs
  14 giant cockroaches
  36 goblins
  39 hobgoblins
  6 jackals
  3 quokkas
  6 bats
  10 frilled lizards
  23 kobolds
  4 rats
267 creatures vanquished.

Vanquished Creatures (others)
  A plant (D:8)
1 creature vanquished.

Grand Total: 268 creatures vanquished

Notes
Turn   | Place    | Note
-------+----------+-------------------------------------------
     0 | D:1      | Kairos the Vine Stalker Fighter began the quest for the
                  | Orb.
     0 | D:1      | Reached XP level 1. HP: 11/11 MP: 2/2
   260 | D:1      | Reached XP level 2. HP: 14/16 MP: 3/3
   296 | D:1      | Reached skill level 2 in Axes
   506 | D:2      | Reached XP level 3. HP: 4/19 MP: 2/4
  1281 | D:2      | Gained mutation: Your natural rate of healing is unusually
                  | fast. [Vine Stalker growth]
  1281 | D:2      | Reached XP level 4. HP: 6/24 MP: 5/5
  1670 | D:2      | Reached skill level 3 in Axes
  1670 | D:2      | Reached XP level 5. HP: 28/28 MP: 6/6
  1761 | D:2      | Found a sparkling altar of Nemelex Xobeh.
  1979 | D:3      | Found an ornate altar of the Wu Jian Council.
  2324 | D:3      | Noticed Ijyb
  2333 | D:3      | Killed Ijyb
  2347 | D:3      | Found a burning altar of Makhleb.
  3007 | D:4      | Noticed an ogre
  3013 | D:4      | Killed an ogre
  3013 | D:4      | Reached XP level 6. HP: 32/32 MP: 7/7
  3068 | D:4      | Found a basalt altar of Yredelemnul.
  3259 | D:4      | Reached skill level 1 in Stealth
  3355 | D:4      | Reached skill level 4 in Axes
  3400 | D:4      | Reached XP level 7. HP: 36/36 MP: 8/8
  3430 | D:4      | Reached skill level 1 in Dodging
  3535 | D:4      | Reached skill level 5 in Axes
  3679 | D:4      | Found a hazy altar of Hepliaklqana.
  4001 | D:5      | Entered Level 5 of the Dungeon
  4052 | D:5      | Found a staircase to the Ecumenical Temple.
  4062 | Temple   | Entered the Ecumenical Temple
  4137 | Temple   | Became a worshipper of Warmaster Okawaru
  4246 | D:5      | Gained mutation: You have razor-sharp teeth. [Vine Stalker
                  | growth]
  4246 | D:5      | Reached XP level 8. HP: 26/42 MP: 5/9
  4521 | D:5      | Reached skill level 6 in Axes
  4556 | D:5      | Found an iron altar of Okawaru.
  5526 | D:6      | Reached skill level 5 in Shields
  5922 | D:6      | Found a runed door.
  5930 | D:6      | Noticed poxu's ghost (novice TrFi)
  6150 | D:6      | Reached * piety under Okawaru
  6159 | D:6      | Killed poxu's ghost
  6159 | D:6      | Reached skill level 7 in Axes
  6159 | D:6      | Reached XP level 9. HP: 14/46 MP: 5/10
  6252 | D:7      | Found a shattered altar of Ashenzari.
  6258 | D:7      | Reached ** piety under Okawaru
  6310 | D:7      | Noticed Prince Ribbit
  6316 | D:7      | Killed Prince Ribbit
  6316 | D:7      | Reached skill level 5 in Armour
  6347 | D:7      | Reached skill level 5 in Fighting
  6347 | D:7      | Reached skill level 8 in Axes
  6751 | D:7      | Reached *** piety under Okawaru
  6830 | D:7      | Found a large runed door.
  6830 | D:7      | Found a large runed door.
  6836 | D:7      | Noticed bgiannan's ghost (novice DEFE)
  6855 | D:7      | Found Qifoc's Assorted Antiques.
  6970 | D:7      | Bought a scroll labeled REUCILECZAPP for 29 gold pieces
  7089 | D:8      | Reached XP level 10. HP: 51/51 MP: 11/11
  7165 | D:8      | Found a staircase to the Lair.
  7261 | D:8      | Noticed Erica
  7265 | D:8      | Reached skill level 9 in Axes
  7273 | D:8      | Killed from afar by Erica

Skill      XL: |  1  2  3  4  5  6  7  8  9 10 |
---------------+-------------------------------+-----
Axes           | 2 3 4 5 7 8 9 |  9.1
Armour         | 3 4 5 |  5.6
Fighting       | 3 4 5 |  5.6
Shields        | 3 4 5 6 |  6.3
Stealth        | 1 |  1.9
Dodging        | 1 |  1.8
Unarmed Combat | |  0.3

Action                   |  1- 3 |  4- 6 |  7- 9 | 10-12 || total
-------------------------+-------+-------+-------+-------++-------
Melee: War axe           |    11 |       |       |       ||    11
       Hand axe          |    64 |   134 |   286 |    29 ||   513
       Bite              |    25 |    36 |    76 |    12 ||   149
       Unarmed           |       |     6 |       |       ||     6
Invok: Heroism           |       |       |       |     2 ||     2
  Use: Scroll            |     2 |     4 |     2 |       ||     8
       Potion            |       |       |     1 |       ||     1
  Eat: Chunk             |       |     5 |    11 |     1 ||    17
       Ration            |       |     1 |       |       ||     1
Armor: Scale mail        |    34 |     3 |       |       ||    37
       Chain mail        |       |    54 |    73 |    10 ||   137
       Skin              |       |     1 |       |       ||     1
Dodge: Dodged            |    21 |    23 |    54 |     8 ||   106
Block: Shield            |    36 |    73 |   100 |     7 ||   216
